TOP OF THE 1ST |
Santa Monica Bruins batting - Pitching for Walla Walla All-Stars : RHP Carlos Hendrix
|
Pitching: RHP Carlos Hendrix
|
|
Batting: RHB Alonso Sánchez
|
0-0: Called Strike 0-1: Called Strike 0-2: Ball 1-2: Ball 2-2: Fly out, F9 (Popup, 89S)
|
Batting: RHB Mario Martínez
|
0-0: Called Strike 0-1: Ball 1-1: Swinging Strike 1-2: Strikes out swinging
|
Batting: LHB Germán Charfauros
|
0-0: Ball 1-0: Ball 2-0: Ball 3-0: Called Strike 3-1: Foul Ball, location: 2F 3-2: Fly out, F6 (Popup, 4MD)
|
Top of the 1st over - 0 run(s), 0 hit(s), 0 error(s), 0 left on base; Santa Monica 0 - Walla Walla 0 |
BOTTOM OF THE 1ST |
Walla Walla All-Stars batting - Pitching for Santa Monica Bruins : RHP José Castro
|
Pitching: RHP José Castro
|
|
Batting: RHB Leslie Penn
|
0-0: Ball 1-0: Called Strike 1-1: Swinging Strike 1-2: Strikes out swinging
|
Batting: SHB Sean Carr
|
0-0: Ball 1-0: Foul Ball, location: 2F 1-1: Ball 2-1: Called Strike 2-2: Fly out, F8 (Flyball, 8LM)
|
Batting: RHB Lorenzo Morín
|
0-0: Ball 1-0: Fly out, F3 (Popup, 23F)
|
Bottom of the 1st over - 0 run(s), 0 hit(s), 0 error(s), 0 left on base; Santa Monica 0 - Walla Walla 0 |
TOP OF THE 2ND |
Santa Monica Bruins batting - Pitching for Walla Walla All-Stars : RHP Carlos Hendrix
|
Batting: LHB Cade Delaney
|
0-0: Called Strike 0-1: Ground out 6-3 (Groundball, 6)
|
Batting: LHB Patrick Osborne
|
0-0: Called Strike 0-1: Ball 1-1: Ball 2-1: Foul Ball, location: 2F 2-2: Strikes out swinging
|
Batting: LHB Matsusuke Yamasaki
|
0-0: Called Strike 0-1: Called Strike 0-2: Ball 1-2: Ball 2-2: Foul Ball, location: 2F 2-2: Ball 3-2: Strikes out looking
|
Top of the 2nd over - 0 run(s), 0 hit(s), 0 error(s), 0 left on base; Santa Monica 0 - Walla Walla 0 |
BOTTOM OF THE 2ND |
Walla Walla All-Stars batting - Pitching for Santa Monica Bruins : RHP José Castro
|
Batting: RHB Claudio Guerra
|
0-0: SOLO HOME RUN (Flyball, 78XD), Distance : 401 ft
|
Batting: LHB Keith Beard
|
0-0: Ball 1-0: Called Strike 1-1: Called Strike 1-2: Ground out 4-3 (Groundball, 4)
|
Batting: LHB Mike Young
|
0-0: Fly out, F8 (Flyball, 8LM)
|
Batting: LHB Salvador Ruíz
|
0-0: Fly out, F2 (Popup, 2RF)
|
Bottom of the 2nd over - 1 run(s), 1 hit(s), 0 error(s), 0 left on base; Santa Monica 0 - Walla Walla 1 |
TOP OF THE 3RD |
Santa Monica Bruins batting - Pitching for Walla Walla All-Stars : RHP Carlos Hendrix
|
Batting: RHB Kuniaki Kawashima
|
0-0: Ball 1-0: Swinging Strike 1-1: Ball 2-1: Ground out 5-3 (Groundball, 56)
|
Batting: RHB Grant Jenkins
|
0-0: Called Strike 0-1: Called Strike 0-2: Fly out, F9 (Flyball, 9M)
|
Batting: RHB Armando Méndez
|
0-0: Hit by Pitch
|
Batting: RHB Alonso Sánchez
|
0-0: Ball 1-0: DOUBLE (Flyball, 8RXD) Armando Méndez to third
|
Batting: RHB Mario Martínez
|
0-0: Called Strike 0-1: Called Strike 0-2: Ground out 6-3 (Groundball, 56)
|
Top of the 3rd over - 0 run(s), 1 hit(s), 0 error(s), 2 left on base; Santa Monica 0 - Walla Walla 1 |
BOTTOM OF THE 3RD |
Walla Walla All-Stars batting - Pitching for Santa Monica Bruins : RHP José Castro
|
Batting: RHB Jim Dunbar
|
0-0: Swinging Strike 0-1: Swinging Strike 0-2: Strikes out swinging
|
Batting: SHB Clinton Watson
|
0-0: Fly out, F4 (Popup, 4D)
|
Batting: RHB Leslie Penn
|
0-0: Ball 1-0: Ball 2-0: Called Strike 2-1: Fly out, F8 (Flyball, 8RM)
|
Bottom of the 3rd over - 0 run(s), 0 hit(s), 0 error(s), 0 left on base; Santa Monica 0 - Walla Walla 1 |
TOP OF THE 4TH |
Santa Monica Bruins batting - Pitching for Walla Walla All-Stars : RHP Carlos Hendrix
|
Batting: LHB Germán Charfauros
|
0-0: Ball 1-0: Fly out, F7 (Flyball, 7S)
|
Batting: LHB Cade Delaney
|
0-0: Swinging Strike 0-1: Ball 1-1: Called Strike 1-2: SINGLE (Line Drive, 34)
|
Batting: LHB Patrick Osborne
|
0-0: Ball 1-0: Foul Ball, location: 2F 1-1: DOUBLE (Groundball, 5L) Cade Delaney to third Runner from 3rd tries for Home, throw and OUT!
|
Batting: LHB Matsusuke Yamasaki
|
0-0: Ball 1-0: Ball 2-0: Foul Ball, location: 2F 2-1: SINGLE (Groundball, 4MD) Patrick Osborne to third Runner from 3rd tries for Home, SAFE, no throw or cutoff
|
Batting: RHB Kuniaki Kawashima
|
0-0: Called Strike 0-1: Ball 1-1: Fielders Choice at 2nd, U4 (Groundball, 4M)
|
Top of the 4th over - 1 run(s), 3 hit(s), 0 error(s), 1 left on base; Santa Monica 1 - Walla Walla 1 |
BOTTOM OF THE 4TH |
Walla Walla All-Stars batting - Pitching for Santa Monica Bruins : RHP José Castro
|
Batting: SHB Sean Carr
|
0-0: Called Strike 0-1: Ball 1-1: Ball 2-1: Foul Ball, location: 2F 2-2: Fly out, F8 (Flyball, 78M)
|
Batting: RHB Lorenzo Morín
|
0-0: Ball 1-0: Called Strike 1-1: Foul Ball, location: 2F 1-2: Ball 2-2: Foul Ball, location: 2F 2-2: Foul Ball, location: 2F 2-2: Strikes out swinging
|
Batting: RHB Claudio Guerra
|
0-0: Swinging Strike 0-1: Ball 1-1: Fly out, F4 (Popup, 4MD)
|
Bottom of the 4th over - 0 run(s), 0 hit(s), 0 error(s), 0 left on base; Santa Monica 1 - Walla Walla 1 |
TOP OF THE 5TH |
Santa Monica Bruins batting - Pitching for Walla Walla All-Stars : RHP Carlos Hendrix
|
Batting: RHB Grant Jenkins
|
0-0: Swinging Strike 0-1: Called Strike 0-2: SINGLE (Line Drive, 78S)
|
Batting: RHB Armando Méndez
|
0-0: Ball 1-0: Fly out, F6 (Popup, 6D)
|
Batting: RHB Alonso Sánchez
|
0-0: Called Strike 0-1: Ball 1-1: Fly out, F9 (Flyball, 9M)
|
Batting: RHB Mario Martínez
|
0-0: Ball 1-0: Swinging Strike 1-1: Called Strike 1-2: Strikes out swinging
|
Top of the 5th over - 0 run(s), 1 hit(s), 0 error(s), 1 left on base; Santa Monica 1 - Walla Walla 1 |
BOTTOM OF THE 5TH |
Walla Walla All-Stars batting - Pitching for Santa Monica Bruins : RHP José Castro
|
Batting: LHB Keith Beard
|
0-0: Called Strike 0-1: Foul Ball, location: 2F 0-2: Ball 1-2: Strikes out looking
|
Batting: LHB Mike Young
|
0-0: Called Strike 0-1: Ball 1-1: Fly out, F9 (Flyball, 9M)
|
Batting: LHB Salvador Ruíz
|
0-0: Ball 1-0: Fly out, F7 (Flyball, 7LD)
|
Bottom of the 5th over - 0 run(s), 0 hit(s), 0 error(s), 0 left on base; Santa Monica 1 - Walla Walla 1 |
TOP OF THE 6TH |
Santa Monica Bruins batting - Pitching for Walla Walla All-Stars : RHP Carlos Hendrix
|
Batting: LHB Germán Charfauros
|
0-0: Foul Ball, location: 2F 0-1: Ball 1-1: Ball 2-1: Ball 3-1: Base on Balls
|
Batting: LHB Cade Delaney
|
0-0: Ball 1-0: Ground out 3-1 (Groundball, 34S) Germán Charfauros to second
|
Batting: LHB Patrick Osborne
|
0-0: 2-RUN HOME RUN (Flyball, 7D), Distance : 368 ft
|
Batting: LHB Matsusuke Yamasaki
|
0-0: Ball 1-0: Foul Ball, location: 2F 1-1: Ball 2-1: Called Strike 2-2: Foul Ball, location: 2F 2-2: SINGLE (Line Drive, 6M)
|
Batting: RHB Kuniaki Kawashima
|
0-0: Ball 1-0: Ball 2-0: SINGLE (Groundball, 5D) Matsusuke Yamasaki to second
|
Batting: RHB Grant Jenkins
|
0-0: Ball 1-0: Foul Ball, location: 2F 1-1: Fly out, F7 (Line Drive, 78S)
|
Batting: RHB Armando Méndez
|
0-0: Ball 1-0: SINGLE (Flyball, 8LS) Matsusuke Yamasaki to third Kuniaki Kawashima to second Runner from 3rd tries for Home, SAFE, no throw or cutoff
|
Batting: RHB Alonso Sánchez
|
0-0: Ball 1-0: Foul Ball, location: 2F 1-1: Ball 2-1: Foul Ball, location: 2F 2-2: DOUBLE (Flyball, 89D) Kuniaki Kawashima scores Armando Méndez to third Runner from 3rd tries for Home, SAFE, no throw or cutoff
|
Batting: RHB Mario Martínez
|
0-0: Ball 1-0: Ground out 6-3 (Groundball, 6)
|
Top of the 6th over - 5 run(s), 5 hit(s), 0 error(s), 1 left on base; Santa Monica 6 - Walla Walla 1 |
BOTTOM OF THE 6TH |
Walla Walla All-Stars batting - Pitching for Santa Monica Bruins : RHP José Castro
|
Batting: RHB Jim Dunbar
|
0-0: Ball 1-0: DOUBLE (Flyball, 89D)
|
Batting: SHB Clinton Watson
|
0-0: Called Strike 0-1: Foul Ball, location: 2F 0-2: Ball 1-2: Ball 2-2: Strikes out looking
|
Batting: RHB Leslie Penn
|
0-0: Called Strike 0-1: Ball 1-1: Foul Ball, location: 2F 1-2: Foul Ball, location: 2F 1-2: Foul Ball, location: 2F 1-2: Strikes out swinging
|
Batting: SHB Sean Carr
|
0-0: Foul Ball, location: 2F 0-1: Ball 1-1: Foul Ball, location: 2F 1-2: Fly out, F6 (Line Drive, 6M)
|
Bottom of the 6th over - 0 run(s), 1 hit(s), 0 error(s), 1 left on base; Santa Monica 6 - Walla Walla 1 |
TOP OF THE 7TH |
Santa Monica Bruins batting - Pitching for Walla Walla All-Stars : RHP Carlos Hendrix
|
Pitching: RHP Arturo Martínez
|
|
Batting: LHB Germán Charfauros
|
0-0: Foul Ball, location: 2F 0-1: Foul Ball, location: 2F 0-2: Fly out, F8 (Flyball, 8LD)
|
Batting: LHB Cade Delaney
|
0-0: Ball 1-0: Called Strike 1-1: Swinging Strike 1-2: Strikes out swinging
|
Batting: LHB Patrick Osborne
|
0-0: Ball 1-0: Ball 2-0: Ball 3-0: Base on Balls
|
Batting: LHB Matsusuke Yamasaki
|
0-0: Ball Patrick Osborne steals 2nd base 1-0: Called Strike 1-1: Ball 2-1: Foul Ball, location: 2F 2-2: Ground out 2-3 (Groundball, 23)
|
Top of the 7th over - 0 run(s), 0 hit(s), 0 error(s), 1 left on base; Santa Monica 6 - Walla Walla 1 |
BOTTOM OF THE 7TH |
Walla Walla All-Stars batting - Pitching for Santa Monica Bruins : RHP José Castro
|
Batting: RHB Lorenzo Morín
|
0-0: Called Strike 0-1: Foul Ball, location: 2F 0-2: Foul Ball, location: 2F 0-2: Ball 1-2: Fly out, F3 (Popup, 3SF)
|
Batting: RHB Claudio Guerra
|
0-0: Called Strike 0-1: Ball 1-1: Foul Ball, location: 2F 1-2: Ball 2-2: Foul Ball, location: 2F 2-2: DOUBLE (Flyball, 8LXD)
|
Batting: LHB Keith Beard
|
0-0: Fly out, F9 (Line Drive, 89M)
|
Batting: LHB Mike Young
|
0-0: Ball 1-0: Swinging Strike 1-1: Foul Ball, location: 2F 1-2: Ball 2-2: Foul Ball, location: 2F 2-2: Strikes out swinging
|
Bottom of the 7th over - 0 run(s), 1 hit(s), 0 error(s), 1 left on base; Santa Monica 6 - Walla Walla 1 |
TOP OF THE 8TH |
Santa Monica Bruins batting - Pitching for Walla Walla All-Stars : RHP Arturo Martínez
|
Batting: RHB Kuniaki Kawashima
|
0-0: Called Strike 0-1: Ball 1-1: Fly out, F7 (Flyball, 78M)
|
Batting: RHB Grant Jenkins
|
0-0: Swinging Strike 0-1: Called Strike 0-2: Ball 1-2: Foul Ball, location: 2F 1-2: Ball 2-2: Ball 3-2: Foul Ball, location: 2F 3-2: Foul Ball, location: 2F 3-2: Foul Ball, location: 2F 3-2: Strikes out swinging
|
Batting: RHB Armando Méndez
|
0-0: Ball 1-0: Ground out 6-3 (Groundball, 6)
|
Top of the 8th over - 0 run(s), 0 hit(s), 0 error(s), 0 left on base; Santa Monica 6 - Walla Walla 1 |
BOTTOM OF THE 8TH |
Walla Walla All-Stars batting - Pitching for Santa Monica Bruins : RHP José Castro
|
Batting: LHB Salvador Ruíz
|
0-0: Foul Ball, location: 2F 0-1: Ground out 3-1 (Groundball, 34)
|
Batting: RHB Jim Dunbar
|
0-0: Foul Ball, location: 2F 0-1: Swinging Strike 0-2: Ball 1-2: Hit by Pitch
|
Batting: SHB Clinton Watson
|
0-0: SINGLE (Groundball, 6MD) Jim Dunbar to second
|
Batting: RHB Leslie Penn
|
0-0: SINGLE (Groundball, 6D) Jim Dunbar to third Clinton Watson to second
|
Batting: SHB Sean Carr
|
0-0: Ball 1-0: Swinging Strike 1-1: Swinging Strike 1-2: Fly out, F8 (Flyball, 8LM) Runner from 3rd tags up, SCORES, throw made
|
Batting: RHB Lorenzo Morín
|
0-0: Ball 1-0: Swinging Strike 1-1: Ball 2-1: Foul Ball, location: 2F 2-2: SINGLE (Line Drive, 9LM) Clinton Watson to third Leslie Penn to second
|
Pitching: RHP Estefan Jiménez
|
|
Batting: RHB Claudio Guerra
|
0-0: Foul Ball, location: 2F 0-1: Ball 1-1: Called Strike 1-2: Strikes out swinging
|
Bottom of the 8th over - 1 run(s), 3 hit(s), 0 error(s), 3 left on base; Santa Monica 6 - Walla Walla 2 |
TOP OF THE 9TH |
Santa Monica Bruins batting - Pitching for Walla Walla All-Stars : RHP Arturo Martínez
|
Batting: RHB Alonso Sánchez
|
0-0: Foul Ball, location: 2F 0-1: Called Strike 0-2: Ball 1-2: Foul Ball, location: 2F 1-2: Strikes out swinging
|
Batting: RHB Mario Martínez
|
0-0: Ball 1-0: Ball 2-0: Called Strike 2-1: Ball 3-1: Base on Balls
|
Batting: LHB Germán Charfauros
|
0-0: Ball 1-0: Foul Ball, location: 2F 1-1: Ball 2-1: Ball 3-1: Base on Balls Mario Martínez to second
|
Batting: LHB Cade Delaney
|
0-0: Foul Ball, location: 2F 0-1: Ball 1-1: Ball 2-1: Ball 3-1: Base on Balls Mario Martínez to third Germán Charfauros to second
|
Batting: LHB Patrick Osborne
|
0-0: Ball 1-0: Ball 2-0: Foul Ball, location: 2F 2-1: Ball 3-1: Base on Balls Mario Martínez scores Germán Charfauros to third Cade Delaney to second
|
Batting: LHB Matsusuke Yamasaki
|
0-0: Ball 1-0: Swinging Strike 1-1: Swinging Strike 1-2: Ball 2-2: Ball 3-2: Base on Balls Germán Charfauros scores Cade Delaney to third Patrick Osborne to second
|
Batting: RHB Kuniaki Kawashima
|
0-0: Called Strike 0-1: Fly out, F7 (Flyball, 7M) Runner from 3rd tags up, SCORES, throw made
|
Batting: RHB Grant Jenkins
|
0-0: Foul Ball, location: 2F 0-1: Ball 1-1: Ball 2-1: Ball 3-1: Base on Balls Patrick Osborne to third Matsusuke Yamasaki to second
|
Batting: RHB Armando Méndez
|
0-0: Ball 1-0: Called Strike 1-1: Swinging Strike 1-2: Strikes out swinging
|
Top of the 9th over - 3 run(s), 0 hit(s), 0 error(s), 3 left on base; Santa Monica 9 - Walla Walla 2 |
BOTTOM OF THE 9TH |
Walla Walla All-Stars batting - Pitching for Santa Monica Bruins : RHP Estefan Jiménez
|
Now at 1B: Bill Savage
|
|
Batting: LHB Keith Beard
|
0-0: Foul Ball, location: 2F 0-1: Foul Ball, location: 2F 0-2: Foul Ball, location: 2F 0-2: Strikes out swinging
|
Batting: LHB Mike Young
|
0-0: Called Strike 0-1: Ball 1-1: Ball 2-1: Foul Ball, location: 2F 2-2: Ball 3-2: Foul Ball, location: 2F 3-2: Foul Ball, location: 2F 3-2: Foul Ball, location: 2F 3-2: SINGLE (Groundball, 4)
|
Batting: LHB Salvador Ruíz
|
0-0: SINGLE (Line Drive, 56) Mike Young to second
|
Batting: RHB Jim Dunbar
|
0-0: Foul Ball, location: 2F 0-1: Ball 1-1: Swinging Strike 1-2: Strikes out swinging
|
Batting: SHB Clinton Watson
|
0-0: Ball 1-0: Ball 2-0: Foul Ball, location: 2F 2-1: Ball 3-1: Foul Ball, location: 2F 3-2: Base on Balls Mike Young to third Salvador Ruíz to second
|
Batting: RHB Leslie Penn
|
0-0: Ball 1-0: Foul Ball, location: 2F 1-1: Ball 2-1: Foul Ball, location: 2F 2-2: Ball 3-2: DOUBLE (Line Drive, 5L) Mike Young scores Salvador Ruíz scores Clinton Watson to third Clinton Watson scores
|
Pitching: RHP Carlos Rangel
|
|
Batting: SHB Sean Carr
|
0-0: Called Strike 0-1: Ground out 3-1 (Groundball, 3)
|
Bottom of the 9th over - 3 run(s), 3 hit(s), 0 error(s), 1 left on base; Santa Monica 9 - Walla Walla 5 |
|